 Dungeon Crawl Stone Soup version 0.27-a0-1154-gfdeffcb720 (webtiles) character file.

Game seed: 9084370179833253609

5 Froggeryz the Grave Robber (level 1, 0/16 HPs)
             Began as a Ghoul Wanderer on May 14, 2021.
             Slain by a quokka (2 damage)
             ... on level 1 of the Dungeon.
             The game lasted 00:00:20 (100 turns).

Froggeryz the Grave Robber (Ghoul Wanderer)          Turns: 100, Time: 00:00:21

Health: 0/16       AC:  5    Str: 14    XL:     1   Next: 80%
Magic:  1/1        EV: 10    Int:  9    God:
Gold:   0          SH:  0    Dex:  7    Spells: 2/2 levels left

rFire    . . .     SeeInvis .   a - +0 club
rCold    + . .     Faith    .   (no shield)
rNeg     + + +     Spirit   .   c - +0 ring mail
rPois    ∞         Reflect  .   (no helmet)
rElec    .         Harm     .   (no cloak)
rCorr    .         Rampage  .   (no gloves)
Will     .....                  (no boots)
Stlth    +.........             (no amulet)
HPRegen  0.00/turn              (no ring)
MPRegen  0.07/turn              (no ring)

@: no status effects
A: claws 1, cold resistance 1, negative energy resistance 3, inhibited
regeneration, torment resistance 2
a: no special abilities


You were on level 1 of the Dungeon.
You visited 1 branch of the dungeon, and saw 1 of its levels.

Inventory:

Hand Weapons
 a - a +0 club (weapon)
Armour
 c - a +0 ring mail (worn)


   Skills:
 - Level 1.1 Fighting
 - Level 1.7 Armour
 - Level 1.1 Stealth
 - Level 1.0 Shields
 + Level 1.4 Unarmed Combat
 - Level 1.0 Spellcasting
 - Level 1.5 Hexes
 - Level 2.0 Necromancy


You had 2 spell levels left.
You didn't know any spells.
Your spell library contained the following spells:

 Spells                   Type           Power      Damage    Failure   Level
 Animate Skeleton         Necr           8%         N/A       32%         1
 Pain                     Necr           16%        1d4       32%         1
 Summon Small Mammal      Summ           0%         N/A       58%         1
 Vampiric Draining        Necr           2%         2d6       67%         3
 Call Canine Familiar     Summ           0%         N/A       91%         3
 Animate Dead             Necr           2%         N/A       97%         4
 Agony                    Necr           4%         N/A       100%        5


Dungeon Overview and Level Annotations

Branches:
Dungeon (1/15)

Altars:


Innate Abilities, Weirdness & Mutations

You thrive by killing the living.
You are immune to poison.
You have sharp fingernails.
Your flesh is cold resistant. (rC+)
You are immune to negative energy. (rN+++)
You do not regenerate when monsters are visible.
You are immune to unholy pain and torment.


Message History

You hit the quokka but do no damage.
The quokka is heavily wounded.
The quokka barely misses you. The quokka bites you.
You are too injured to fight recklessly!
You are too injured to fight recklessly!
You are too injured to fight recklessly!
You are too injured to fight recklessly!
You barely miss the quokka.
The quokka is heavily wounded.
The quokka barely misses you.
You closely miss the quokka.
The quokka is heavily wounded.
The quokka closely misses you. x2
You hit the quokka.
The quokka is almost dead.
The quokka bites you but does no damage.
You closely miss the quokka.
The quokka is almost dead.
The quokka bites you but does no damage.
The quokka bites you.
* * * LOW HITPOINT WARNING * * *
You closely miss the quokka.
The quokka is almost dead.
The quokka misses you.
You barely miss the quokka.
The quokka is almost dead.
The quokka barely misses you.
The quokka bites you but does no damage.
You hit the quokka but do no damage.
The quokka is severely wounded.
The quokka bites you.
* * * LOW HITPOINT WARNING * * *
The quokka closely misses you.
You barely miss the quokka.
The quokka is severely wounded.
The quokka barely misses you.
You hit the quokka but do no damage.
The quokka is severely wounded.
The quokka bites you.
You die...

# .# ##### .# ....
..# ###
#.####..#### #.#..
... #...).......
#.#.#
#.###†@r.†....#
####.#.#
#...#####..#.#
.......#
##.######..#
#...#.###
#...........
##...#...##
#..######....
#..#...#..###..# ..
..#.#..........# .
#...#.........#
###.#######....###.


You could see a quokka.

Vanquished Creatures
  A bat (D:1)
  A goblin (D:1)
  A hobgoblin (D:1)
  A frilled lizard (D:1)
  A rat (D:1)
5 creatures vanquished.

Notes
Turn   | Place    | Note
-------+----------+-------------------------------------------
     0 | D:1      | Froggeryz the Ghoul Wanderer began the quest for the Orb.
     0 | D:1      | Froggeryz set off with the following items: a +0 club, a +0
                  | ring mail; and the following spells available to memorise:
                  | Animate Skeleton, Pain, Summon Small Mammal, Vampiric
                  | Draining, Call Canine Familiar, Animate Dead, Agony
     0 | D:1      | Reached XP level 1. HP: 16/16 MP: 1/1
    47 | D:1      | Reached skill level 1 in Unarmed Combat
   100 | D:1      | Slain by a quokka

Illustrated notes

Levels and vault maps discovered:
D:1:      psy_arrival_dodecagon, layout_loops_ring, serial_forest,
          infiniplex_forest_lined_3, infiniplex_forest_clump_curved,
          infiniplex_forest_clump_small, infiniplex_forest_lined_corner,
          infiniplex_forest_straight_3, infiniplex_forest_3_way,
          infiniplex_forest_clump_small, infiniplex_forest_lined_3_way,
          ebering_ecumenical_altar_sacrificial, minmay_small_reverse_x

Skill      XL: |  1 |
---------------+----+-----
Unarmed Combat | 1 |  1.4
Fighting       | |  1.1
Armour         | |  1.7
Stealth        | |  1.1
Shields        | |  1.0
Spellcasting   | |  1.0
Hexes          | |  1.5
Necromancy     | |  2.0

Action                   || total
-------------------------++-------
Melee: Club              ||    43
Armor: Ring mail         ||    26
Dodge: Dodged            ||    40

Table legend: (Time is in decaauts)
 A = Elapsed time spent in this place.
 B = Non-inter-level travel time spent in this place.
 C = Inter-level travel time spent in this place.
 D = Time resting spent in this place.
 E = Time spent auto-exploring this place.
 F = Levels seen in this place.
 G = Mean time per level.
                   A        B        C        D        E       F      G
               +--------+--------+--------+--------+--------+-----+--------+
         Total |    112 |    112 |      0 |      0 |     44 |   1 |  112.0 |
       Dungeon |    112 |    112 |      0 |      0 |     44 |   1 |  112.0 |
               +--------+--------+--------+--------+--------+-----+--------+

Top non-repeatable levels by time:
     D:1: 112 daAuts
